 Dungeon Crawl Stone Soup version 0.30-a0-2-gf48d83f5e2 (webtiles) character file.

Game seed: 1068123486788701150

405 SensoryNuts the Chopper (level 6, -6/53 HPs)
             Began as a Hill Orc Fighter on Aug 20, 2022.
             Was an Initiate of Beogh.
             Shot with an arrow by a centaur (7 damage)
             ... on level 5 of the Dungeon.
             The game lasted 00:05:31 (5106 turns).

SensoryNuts the Chopper (Hill Orc Fighter)          Turns: 5106, Time: 00:05:31

Health: -6/53      AC:  9    Str: 21    XL:     6   Next: 87%
Magic:  6/6        EV:  7    Int:  8    God:    Beogh [......]
Gold:   162        SH:  9    Dex: 10    Spells: 5/5 levels left

rFire   . . .      SeeInvis .    a - +0 war axe
rCold   . . .      Faith    .    f - +1 kite shield
rNeg    + . .      Spirit   .    g - +0 chain mail
rPois   .          Reflect  .    (helmet restricted)
rElec   .          Harm     .    (no cloak)
rCorr   .          Rampage  .    (no gloves)
Will    .....                    (no boots)
Stlth   ..........               (no amulet)
HPRegen 0.17/turn                e - ring of positive energy
MPRegen 0.10/turn                (no ring)

@: about to teleport
A: antennae 1, sturdy frame 1
a: Renounce Religion


You were on level 5 of the Dungeon.
You worshipped Beogh.
Beogh was noncommittal.
You visited 1 branch of the dungeon, and saw 5 of its levels.

You collected 162 gold pieces.

Inventory:

Hand Weapons
 a - a +0 war axe (weapon)
Armour
 b - a +0 scale mail
 c - a +0 buckler
 f - a +1 kite shield (worn)
 g - a +0 chain mail (worn)
Jewellery
 e - a ring of positive energy (left hand)
Scrolls
 h - a scroll of teleportation
 i - 2 scrolls of immolation
 l - a scroll of poison
Potions
 m - 3 potions of curing
 n - a potion of brilliance
 q - a potion of degeneration


   Skills:
 + Level 4.7 Fighting
 + Level 6.1 Axes
 + Level 5.2 Armour
 + Level 0.6 Dodging
 + Level 0.1 Stealth
 + Level 4.2 Shields


You had 5 spell levels left.
You didn't know any spells.
Your spell library contained the following spells:

 Spells                   Type           Power      Damage    Failure   Level
 Shock                    Conj/Air       0%         1d3       100%        1
 Summon Small Mammal      Summ           0%         N/A       100%        1
 Call Canine Familiar     Summ           0%         N/A       100%        3
 Summon Guardian Golem    Hex/Summ       0%         N/A       100%        3
 Swiftness                Air            0%         N/A       100%        3
 Airstrike                Air            0%         2d(0-16)  100%        4


Dungeon Overview and Level Annotations

Branches:
Dungeon (5/15)             Temple (0/1) D:4

Altars:
Cheibriados
Hepliaklqana
Sif Muna
Trog
Xom
Beogh

Shops:
D:1 (


Innate Abilities, Weirdness & Mutations

You have a pair of small antennae on your head.
Your movements are slightly less encumbered by armour. (ER -2)


Message History

You kill the gnoll!
Beogh accepts your kill.
You closely miss the gnoll. You block the gnoll's attack.
The gnoll hits you but does no damage. You block the gnoll's attack. x2
You slash the gnoll!
You kill the gnoll!
Beogh accepts your kill. You block the gnoll's attack.
Found a book of Displacement.
The gnoll hits you with a +0 spear.
You slash the gnoll!
You kill the gnoll!
Beogh accepts your kill.
The centaur wields a +0 shortbow.
The centaur shoots an arrow.
The arrow hits you!
You slash the ogre!
The ogre is severely wounded.
The ogre barely misses you.
You hit the ogre.
The ogre is severely wounded.
The ogre hits you with a +0 giant club!!
* * * LOW HITPOINT WARNING * * *
You are too injured to fight recklessly!
Unknown command.
Things that are here:
a +0 spear; a gnoll corpse The ogre attacks as you move away!
The ogre hits you with a +0 giant club.
* * * LOW HITPOINT WARNING * * *
As you read the scroll of teleportation, it crumbles to dust.
You feel strangely unstable. The ogre barely misses you.
Unknown command.
The centaur shoots an arrow.
The arrow hits you.
* * * LOW HITPOINT WARNING * * *
The centaur shoots an arrow.
The arrow misses you.
The centaur shoots an arrow.
The arrow hits you.
* * * LOW HITPOINT WARNING * * *
Unknown command.
As you read the scroll of fog, it crumbles to dust.
The scroll dissolves into smoke.
The centaur shoots an arrow.
The arrow hits you!
You die...

:.>.# . ... ≈. #)# ##+#
...####.####..#########
.#....).).#............
.........c#....<.......
..≈.....O.+............
#......§.§#............
..#####§@§##...###...##
. ##§§§##...#######
#..............
#.....[........
#..............
#..........<...
###############


You could see an ogre and a centaur.

Vanquished Creatures
  2 black bears (D:4)
  Robin (D:2)
  5 adders
  7 gnolls
  2 dart slugs (D:1)
  6 orcs
  7 ball pythons
  10 endoplasms
  4 giant cockroaches
  12 goblins
  7 hobgoblins
  2 jackals (D:1)
  2 quokkas
  12 bats
  2 frilled lizards (D:1)
  9 kobolds
  7 rats
97 creatures vanquished.

Notes
Turn   | Place    | Note
-------+----------+-------------------------------------------
     0 | D:1      | SensoryNuts the Hill Orc Fighter began the quest for the
                  | Orb.
     0 | D:1      | Reached XP level 1. HP: 19/19 MP: 1/1
   144 | D:1      | Reached XP level 2. HP: 27/27 MP: 2/2
   629 | D:1      | Reached skill level 3 in Axes
   645 | D:1      | Reached XP level 3. HP: 33/33 MP: 3/3
   748 | D:1      | Found Biump's Weapon Shoppe.
   785 | D:1      | Found a roughly hewn altar of Beogh.
  1216 | D:1      | Found a faded altar of an unknown god.
  2033 | D:2      | Noticed Robin
  2044 | D:2      | Killed Robin
  2045 | D:2      | Reached XP level 4. HP: 21/40 MP: 4/4
  2588 | D:2      | Reached skill level 4 in Axes
  2943 | D:3      | Found a shimmering blue altar of Sif Muna.
  3457 | D:3      | Reached XP level 5. HP: 46/46 MP: 5/5
  3474 | D:3      | Found a hazy altar of Hepliaklqana.
  3475 | D:3      | Found a shimmering altar of Xom.
  3476 | D:3      | Noticed a spectral ugly thing
  3648 | D:3      | Gained mutation: You have a pair of small antennae on your
                  | head. [potion of mutation]
  3648 | D:3      | Gained mutation: Your movements are slightly less
                  | encumbered by armour. (ER -2) [potion of mutation]
  4153 | D:4      | Became a worshipper of Beogh the Brigand
  4223 | D:4      | Found a snail-covered altar of Cheibriados.
  4265 | D:4      | Found a staircase to the Ecumenical Temple.
  4295 | D:4      | Noticed a black bear
  4302 | D:4      | Noticed a black bear
  4304 | D:4      | Killed a black bear
  4305 | D:4      | Reached skill level 5 in Axes
  4306 | D:4      | Found a bloodstained altar of Trog.
  4313 | D:4      | Killed a black bear
  4314 | D:4      | Reached skill level 5 in Armour
  4314 | D:4      | Reached XP level 6. HP: 36/53 MP: 6/6
  4527 | D:4      | Reached skill level 6 in Axes
  5077 | D:5      | Entered Level 5 of the Dungeon
  5083 | D:5      | Identified the +1 ring mail "Boriraafyi" {rPois Int+4}
  5105 | D:5      | HP: 1/53 [centaur/arrow (4)]
  5106 | D:5      | Shot with an arrow by a centaur

Illustrated notes

Levels and vault maps discovered:
D:1:      saegor_arrival_simple_b, layout_loops_ring, serial_shops,
          nicolae_shop_advertising_works [nicolae_subvault_shop_adworks],
          serial_forest, infiniplex_forest_straight_5,
          infiniplex_forest_zigzag_1, infiniplex_forest_lined_4_way,
          infiniplex_forest_fountain, infiniplex_forest_clump_medium,
          infiniplex_forest_corner_1, hellmonk_ecumenical_altar_defaced_shrine
D:2:      layout_loops_ring, hangedman_decor_points, uniq_robin
D:3:      layout_loops_ring, regret_index_temple_of_mockery,
          overflow_temple_1_default
D:4:      layout_loops_ring, trog_ov_bears_minmay,
          mainiacjoe_overflow_small_starburst, minmay_temple_entry_mist
D:5:      layout_gridville, nicolae_kite_square_tiling_tiny

Skill      XL: |  1  2  3  4  5  6 |
---------------+-------------------+-----
Fighting       | 4 |  4.7
Axes           | 3 4 5 6 |  6.1
Armour         | 4 5 |  5.2
Shields        | 4 |  4.2
Dodging        | |  0.6
Stealth        | |  0.1

Action                   |  1- 3 |  4- 6 || total
-------------------------+-------+-------++-------
Melee: War axe           |    79 |   139 ||   218
Invok: Convert to Beogh  |       |     1 ||     1
  Use: Scroll            |     2 |    13 ||    15
       Potion            |     2 |     4 ||     6
Armor: Scale mail        |     7 |       ||     7
       Chain mail        |    48 |   102 ||   150
Dodge: Dodged            |    31 |    44 ||    75
Block: Kite shield       |    37 |    79 ||   116
       Buckler           |     2 |       ||     2

Table legend: (Time is in decaauts)
 A = Elapsed time spent in this place.
 B = Non-inter-level travel time spent in this place.
 C = Inter-level travel time spent in this place.
 D = Time resting spent in this place.
 E = Time spent auto-exploring this place.
 F = Levels seen in this place.
 G = Mean time per level.
                   A        B        C        D        E       F      G
               +--------+--------+--------+--------+--------+-----+--------+
         Total |   5204 |   4452 |    752 |    650 |   3148 |   5 | 1040.8 |
       Dungeon |   5204 |   4452 |    752 |    650 |   3148 |   5 | 1040.8 |
               +--------+--------+--------+--------+--------+-----+--------+

Top non-repeatable levels by time:
     D:1: 1989 daAuts
     D:3: 1246 daAuts
     D:4: 1106 daAuts
     D:2: 830 daAuts
     D:5: 31 daAuts
